 Dungeon Crawl Stone Soup version 0.22.1-1-ga44c0e5 (webtiles) character file.

147 Folque the Digger (level 5, -7/38 HPs)
             Began as a Draconian Earth Elementalist on Nov 10, 2018.
             Killed from afar by an orc wizard (8 damage)
             ... with a magic dart
             ... on level 2 of the Dungeon.
             The game lasted 00:06:21 (2241 turns).

Folque the Digger (Draconian Earth Elementalist)    Turns: 2241, Time: 00:06:21

Health: -7/38      AC:  5    Str: 11    XL:     5   Next: 7%
Magic:  0/10       EV: 12    Int: 16    God:
Gold:   166        SH:  0    Dex: 11    Spells: 4/10 levels left

rFire    . . .     SeeInvis .   d - +0 short sword
rCold    . . .     Gourm    .   (no shield)
rNeg     . . .     Faith    .   (armour unavailable)
rPois    .         Spirit   .   (helmet restricted)
rElec    .         Reflect  .   (no cloak)
rCorr    .         Harm     .   (no gloves)
MR       .....                  (no boots)
Stlth    ++........             (no amulet)
HPRegen  0.12/turn              (no ring)
MPRegen  0.12/turn              (no ring)

@: no status effects
A: unfitting armour, cold-blooded, AC +5
a: no special abilities


You were on level 2 of the Dungeon.
You were not hungry.

You visited 1 branch of the dungeon, and saw 3 of its levels.

You collected 166 gold pieces.

Inventory:

Hand Weapons
 d - a +0 short sword (weapon)
Missiles
 b - 82 stones (quivered)
 f - 2 curare-tipped needles
 j - 9 poisoned needles
Scrolls
 e - 2 scrolls of teleportation {unknown}
 g - a scroll of fog {unknown}
 i - 6 scrolls of identify {unknown}
 k - a scroll of fear {unknown}
 l - a scroll of blinking {unknown}
Potions
 a - a potion of magic {unknown}
 h - a potion of ambrosia {unknown}
 m - a potion of haste {unknown}
 n - a potion of heal wounds {unknown}
 o - 2 potions of lignification {unknown}
Comestibles
 c - 2 rations


   Skills:
 - Level 1.7 Dodging
 - Level 1.7 Stealth
 * Level 3.4 Spellcasting
 - Level 2.0 Conjurations
 - Level 1.0 Transmutations
 + Level 4.2 Earth Magic


You had 4 spell levels left.
You knew the following spells:

 Your Spells              Type           Power        Failure   Level  Hunger
a - Sandblast             Erth           ###...       3%          1    None
b - Passwall              Tmut/Erth      ##......     10%         2    ##.....
c - Stone Arrow           Conj/Erth      ##....       14%         3    ###....

Your spell library contained the following spells:

 Spells                   Type           Power        Failure   Level  Hunger
 Petrify                  Tmut/Erth      ##......     52%         4    ####...
 Lee's Rapid Deconstruct  Erth           ###.......   65%         5    ######.


Dungeon Overview and Level Annotations

Branches:
Dungeon (3/15)

Altars:
Ru
Wu Jian

Annotations:
D:2 1 runed door


Innate Abilities, Weirdness & Mutations

Your plain brown scales are hard. (AC +5)
You cannot fit into any form of body armour.
You are cold-blooded and may be slowed by cold attacks.


Message History

The orc wizard is almost dead.
The orc wizard gestures at you while chanting.
The magic dart hits you!
* * * LOW HITPOINT WARNING * * *
The orc wizard gestures wildly while chanting.
The orc wizard blinks!
The orc wizard is no longer moving quickly.
Casting: Sandblast (safe; 3% risk of failure)
Confirm with . or Enter, or press ? or * to list all spells.
Aiming: Sandblast (safe; 3% risk of failure)
Press: ? - help, Shift-Dir - straight line, f/p - orc wizard
Aim: an orc wizard, wielding a dagger and wearing a robe (almost dead)
The blast of sand misses the orc wizard.
b - 82 stones The orc wizard gestures at you while chanting.
The magic dart hits you!
* * * LOW HITPOINT WARNING * * *
The orc wizard gestures at you while chanting.
The magic dart hits you!
You die...

##########
###........# ######
#..........# .....#
##.........# .....#
#.........# .....#
#.....o<..#
.....#######.###@###.#
.....'..........>....#
.....####..#.##..#####
.....# ##.#.##..#
.....# #.#.##..#
###### ##.#.....#
#########.....##.#
#.......#..##.##.#
#.)..............#


You could see an orc wizard.

Vanquished Creatures
  An orc wizard (D:2)
  8 adders
  An ooze (D:1)
  A leopard gecko (D:1)
  3 orcs (D:3)
  3 bats
  2 giant cockroaches
  7 hobgoblins
  3 kobolds
  A frilled lizard (D:1)
  6 goblins
  7 rats
43 creatures vanquished.

Notes
Turn   | Place    | Note
-------+----------+-------------------------------------------
     0 | D:1      | Folque the Draconian Earth Elementalist began the quest for
                  | the Orb.
     0 | D:1      | Reached XP level 1. HP: 14/14 MP: 3/3
   114 | D:1      | Reached XP level 2. HP: 6/20 MP: 0/5
   958 | D:2      | Learned a level 2 spell: Passwall
   968 | D:2      | Reached skill level 4 in Earth Magic
   968 | D:2      | Reached XP level 3. HP: 26/26 MP: 2/6
   973 | D:2      | Learned a level 3 spell: Stone Arrow
  1078 | D:2      | Found a sacrificial altar of Ru.
  1113 | D:2      | Reached skill level 1 in Conjurations
  1301 | D:2      | Reached XP level 4. HP: 31/33 MP: 6/8
  1401 | D:2      | Found an ornate altar of the Wu Jian Council.
  1423 | D:2      | Found a runed door.
  2196 | D:3      | Reached XP level 5. HP: 38/38 MP: 1/10
  2240 | D:2      | HP: 1/38 [orc wizard/magic dart (4)]
  2241 | D:2      | Killed from afar by an orc wizard

Skill      XL: |  1  2  3  4 |
---------------+-------------+-----
Earth Magic    | 4 |  4.2
Conjurations   | 1 2 |  2.0
Spellcasting   | 3 |  3.4
Dodging        | |  1.7
Stealth        | |  1.7
Transmutations | |  1.0

Action                   |  1- 3 |  4- 6 || total
-------------------------+-------+-------++-------
Melee: Unarmed           |    16 |       ||    16
       Tailslap          |     8 |     3 ||    11
       Short sword       |    69 |    42 ||   111
 Cast: Sandblast         |    19 |    11 ||    30
       Stone Arrow       |       |     6 ||     6
 Stab: Sleeping          |     2 |       ||     2
  Eat: Chunk             |     2 |     3 ||     5
Armor: Skin              |    34 |    12 ||    46
Dodge: Dodged            |    54 |    38 ||    92
